[Event "Late-Titled-Tuesday-Blitz-June-04-2024"]
[Site "Chess.com"]
[Date "2024.06.04"]
[Round "5"]
[White "AustinThomas12345"]
[Black "AradNazari"]
[Result "1/2-1/2"]
[WhiteElo "2480"]
[BlackElo "2719"]
[TimeControl "180+1"]
[EndTime "14:54:33 PDT"]
[Termination "Game drawn - insufficient material"]

1. e4 f5 2. exf5 d5 3. d4 Bxf5 4. Bd3 Bxd3 5. Qxd3 Nf6 6. Nf3 Nc6 7. Bf4 Qd7 8. O-O O-O-O 9. Ne5 Nxe5 10. Bxe5 g5 11.
Nd2 Bg7 12. c4 dxc4 13. Nxc4 Ne8 14. Qa3 Kb8 15. Rfd1 Rg8 16. Rac1 Nd6 17. Bxg7 Nxc4 18. Rxc4 Rxg7 19. Rdc1 e5 20. Ra4 a6 21. Rb4 Rg6 22. Qb3 Qd5 23. dxe5 Qxb3 24. Rxb3 Re6 25. Re3 Rd2 26.
Rb1 c5 27. Kf1 Kc7 28. Ke1 Rd5 29. Ke2 Rdxe5 30. Rxe5 Rxe5+ 31. Kd3 Kc6 32. b3 b5 33. Rc1 Rd5+ 34. Ke3 h6 35. g3 a5 36. f4 b4 37.
fxg5 hxg5 38. h4 gxh4 39. gxh4 Rh5 40. Rc4 Kb5 41. Kf3 a4 42. Kg4 Rd5 43. Rc2 Rd3 44.
bxa4+ Kc6 45. h5 Ra3 46. h6 Rxa4 47. Kg5 Kb5 48. h7 Ra8 49. Rg2 Rh8 50. Kg6 c4 51.
Kg7 Rc8 52. h8=Q Rxh8 53. Kxh8 Ka4 54. Rc2 c3 55. Kg7 b3 56. axb3+ Kxb3 57. Rxc3+ Kxc3 1/2-1/2

[Event "Late-Titled-Tuesday-Blitz-June-04-2024"]
[Site "Chess.com"]
[Date "2024.06.04"]
[Round "5"]
[White "cristiano78"]
[Black "Pelusiansky"]
[Result "0-1"]
[WhiteElo "2229"]
[BlackElo "2389"]
[TimeControl "180+1"]
[EndTime "14:54:34 PDT"]
[Termination "Pelusiansky won by resignation"]

1. d4 e6 2. c4 d5 3. Nc3 a6 4. Nf3 dxc4 5. a4 Nc6 6. e4 Na5 7. Be3 Nf6 8. Nd2 Bb4 9. f3 O-O 10. Nxc4 Nxc4 11. Bxc4 c5 12. dxc5 Qa5 13. Qe2 Bxc5 14.
O-O Qb6 15. Bxc5 Qxc5+ 16. Kh1 Bd7 17. e5 Nh5 18. f4 Bc6 19. Bxe6 Nxf4 20. Rxf4 fxe6 21.
Raf1 Rxf4 22. Rxf4 Rf8 23. Rxf8+ Qxf8 24. h3 Qf4 25. Kg1 h6 26. Qe1 Bxa4 27. Nxa4 Qxa4 28. Qc3 Qc6 29. Qd3 Kf7 30. Kf2 Qc5+ 31. Kg3 Qxe5+ 32. Kf3 Qf5+ 33. Qxf5+ exf5 34. Ke3 Ke6 0-1

[Event "Late-Titled-Tuesday-Blitz-June-04-2024"]
[Site "Chess.com"]
[Date "2024.06.04"]
[Round "5"]
[White "Josetricks"]
[Black "Meri-Arabidze"]
[Result "0-1"]
[WhiteElo "2431"]
[BlackElo "2688"]
[TimeControl "180+1"]
[EndTime "14:54:36 PDT"]
[Termination "Meri-Arabidze won on time"]

1. e4 c5 2. c3 d5 3. exd5 Nf6 4. Nf3 Nxd5 5. d4 e6 6. Bd3 cxd4 7. cxd4 Be7 8. O-O O-O 9. Nc3 Nc6 10. h3 b6 11.
Re1 Bb7 12. a3 Nxc3 13. bxc3 Rc8 14. Bc2 Bf6 15. Qd3 g6 16. Bf4 Na5 17. Ne5 Bg7 18. Bd1 Bd5 19. Bf3 Nc4 20. Nxc4 Bxc4 21. Qd2 Bd5 22.
Qd3 Qd7 23. Rac1 Rc4 24. Be5 Rfc8 25. Bxg7 Kxg7 26. Qe3 Bxf3 27. Qxf3 Qd6 28. a4 Rxa4 29. Ra1 Rxa1 30. Rxa1 Rc7 31. Qd3 Qc6 32. h4 h5 33.
g3 a5 34. Rb1 Qxc3 35. Qxc3 Rxc3 36. Rxb6 Rc4 0-1

[Event "Late-Titled-Tuesday-Blitz-June-04-2024"]
[Site "Chess.com"]
[Date "2024.06.04"]
[Round "5"]
[White "pavelalexandru07"]
[Black "PawnEatingZombie"]
[Result "1-0"]
[WhiteElo "2454"]
[BlackElo "2267"]
[TimeControl "180+1"]
[EndTime "14:54:37 PDT"]
[Termination "pavelalexandru07 won by resignation"]

1. e4 c5 2. Nf3 Nc6 3. d4 cxd4 4.
Nxd4 e5 5. Nb5 d6 6. N1c3 Be7 7. Nd5 Rb8 8. Nbc7+ Kf8 9. Nxe7 Ngxe7 10. Nd5 Nxd5 11.
exd5 Ne7 12. Be2 h5 13. O-O h4 14. c4 h3 15. g3 Bf5 16. Be3 b6 17. b4 Rc8 18.
Rc1 g6 19. Bf3 Kg7 20. c5 bxc5 21. bxc5 dxc5 22. Bxc5 e4 23. Bxe4 Bxe4 24. Qd4+ Kh7 25.
Qxe4 Nxd5 26. Rfd1 Nc3 27. Rxd8 Nxe4 28. Rxh8+ Rxh8 29. Bxa7 Ra8 30. Rc7 Kg8 31. f3 Nd6 32. a4 Nf5 33. a5 Rd8 34. Bb6 Rd2 35.
a6 Rg2+ 36. Kh1 Ra2 37. a7 Kg7 38. Rc8 Ra1+ 39. Bg1 Nd4 40. a8=Q Ne2 41. Qxa1+ 1-0

[Event "Late-Titled-Tuesday-Blitz-June-04-2024"]
[Site "Chess.com"]
[Date "2024.06.04"]
[Round "5"]
[White "DreamsAreFake"]
[Black "Kacparov"]
[Result "1/2-1/2"]
[WhiteElo "2704"]
[BlackElo "2908"]
[TimeControl "180+1"]
[EndTime "14:54:39 PDT"]
[Termination "Game drawn by repetition"]

1. Nf3 d5 2. g3 c5 3. Bg2 Nc6 4. d4 e6 5. O-O Nf6 6. c4 dxc4 7. dxc5 Qxd1 8. Rxd1 Bxc5 9. Nbd2 c3 10. bxc3 Ke7 11.
Nb3 Bd6 12. Nfd4 Nxd4 13. cxd4 Rd8 14. Bd2 Rb8 15. e4 Ba3 16. Bf4 Ra8 17. d5 exd5 18. exd5 Bd6 19. Re1+ Kf8 20. Bg5 Bd7 21. Rac1 Rac8 22.
Bxf6 gxf6 23. Be4 h6 24. Kg2 Rxc1 25. Rxc1 Re8 26. Bf3 f5 27. Na5 Rb8 28. Rb1 Bc8 29. Nc4 Bc5 30. d6 Be6 31. Na5 Bxd6 32. Nxb7 Be7 33. a4 a5 34. Rc1 Bb4 35. Rc7 Bb3 36. Nc5 Bxc5 37. Rxc5 Bxa4 38. Rxa5 Bd7 39. Ra8 Rxa8 40.
Bxa8 Ke7 41. Kf3 Kf6 42. Kf4 Be6 43. h4 Bd7 44. Bd5 Bc8 45. Bc4 Bd7 46. Bd3 Bc8 47. Bc2 Bd7 48. Bb1 Bc8 49. Bc2 Bd7 50. Bb1 Bc8 51.
Bc2 1/2-1/2

[Event "Late-Titled-Tuesday-Blitz-June-04-2024"]
[Site "Chess.com"]
[Date "2024.06.04"]
[Round "5"]
[White "rhungaski"]
[Black "dretch"]
[Result "0-1"]
[WhiteElo "2636"]
[BlackElo "2867"]
[TimeControl "180+1"]
[EndTime "14:54:41 PDT"]
[Termination "dretch won by resignation"]

1. b3 d5 2. Bb2 Bf5 3. g3 e6 4. Bg2 Nf6 5. Nf3 Be7 6. O-O O-O 7.
d3 h6 8. c4 Nbd7 9. Nbd2 a5 10. a3 c5 11. Qc2 Bh7 12. e4 dxe4 13. dxe4 Qc7 14. Rfe1 Rfd8 15. Bc3 Ne8 16. Qb2 a4 17. b4 Bf6 18. e5 Be7 19. Ne4 cxb4 20. Bxb4 Bxb4 21.
Qxb4 Bxe4 22. Rxe4 Nc5 23. Re3 Rd7 24. Rae1 Nd3 25.
Rxd3 Rxd3 26. Nd2 Rad8 27. Re2 Qd7 28. Ne4 Rb3 29. Qa5 Rb1+ 30. Re1 b6 31. Qc3 Rxe1+ 32. Qxe1 Qd1 33. Kf1 Qxe1+ 34. Kxe1 Rd3 35. c5 bxc5 36. Nxc5 Rxa3 37. Bc6 Ra1+ 38. Ke2 a3 39. Bxe8 a2 40. Nb3 Rb1 0-1

[Event "Late-Titled-Tuesday-Blitz-June-04-2024"]
[Site "Chess.com"]
[Date "2024.06.04"]
[Round "5"]
[White "ImportedItalianMaple"]
[Black "pirulillo"]
[Result "1-0"]
[WhiteElo "2552"]
[BlackElo "2370"]
[TimeControl "180+1"]
[EndTime "14:54:41 PDT"]
[Termination "ImportedItalianMaple won by checkmate"]

1. e4 c5 2. Nf3 e6 3. g3 Nc6 4. Bg2 d6 5. O-O Nf6 6. Re1 Be7 7. d4 cxd4 8. Nxd4 Bd7 9. c4 O-O 10. b3 a6 11. Bb2 Nxd4 12. Qxd4 e5 13. Qd3 b5 14.
cxb5 axb5 15. Nc3 Qb6 16. b4 Rfc8 17. a3 Rab8 18. Rac1 Be6 19. h3 Rc4 20. Qd2 h5 21. Nd5 Nxd5 22. exd5 Bf5 23. Bf1 Rcc8 24. Kh2 Bg6 25.
Bg2 Bf6 26. Rc6 Qd8 27. Rec1 Bf5 28. Qe2 g6 29. Rxc8 Rxc8 30. Qxb5 Rxc1 31. Bxc1 Bd7 32. Qa6 Qc7 33. Be3 h4 34. g4 Qc2 35. Qxd6 Bxg4 36. Qxf6 Bf5 37. Bh6 Kh7 38. Qg7# 1-0

[Event "Late-Titled-Tuesday-Blitz-June-04-2024"]
[Site "Chess.com"]
[Date "2024.06.04"]
[Round "5"]
[White "Larax"]
[Black "dasatcu90"]
[Result "1-0"]
[WhiteElo "2512"]
[BlackElo "2249"]
[TimeControl "180+1"]
[EndTime "14:54:43 PDT"]
[Termination "Larax won by resignation"]

1. e4 c6 2. d4 d5 3. Nc3 dxe4 4. Nxe4 Nf6 5. Nxf6+ exf6 6. c3 Bd6 7. Bd3 O-O 8.
Qc2 Re8+ 9. Ne2 h5 10. Bd2 Nd7 11. O-O-O b5 12. Ng3 Nb6 13. Nxh5 Be6 14. Kb1 Bg4 15.
Ng3 Bxd1 16. Rxd1 Bxg3 17. hxg3 Nc4 18. Bf4 Qd5 19. f3 Nd6 20. Bh7+ Kf8 21. Rh1 g6 22. Bxg6 fxg6 23. Bxd6+ Kg7 24. Bf4 Qf5 25. Qxf5 gxf5 26.
Rd1 Re2 27. Rd2 Rae8 28. Kc2 Kf7 29. b3 a6 30. c4 bxc4 31. bxc4 Rxd2+ 32. Kxd2 Rb8 33. Bxb8 Ke6 34. Bf4 1-0

[Event "Late-Titled-Tuesday-Blitz-June-04-2024"]
[Site "Chess.com"]
[Date "2024.06.04"]
[Round "5"]
[White "betta2004"]
[Black "TheAlienParty"]
[Result "1-0"]
[WhiteElo "2562"]
[BlackElo "2380"]
[TimeControl "180+1"]
[EndTime "14:54:43 PDT"]
[Termination "betta2004 won by resignation"]

1. Nf3 d5 2. b3 c5 3. e3 Nc6 4. Bb5 Qc7 5. Bb2 Bg4 6. h3 Bxf3 7. Qxf3 e6 8. d3 f6 9. Nd2 Bd6 10. c4 Ne7 11. g4 a6 12. Bxc6+ bxc6 13. e4 Ng6 14. exd5 exd5 15. cxd5 O-O 16. O-O-O cxd5 17. Qxd5+ Kh8 18. h4 Nf4 19. Qf3 Be5 20. Nc4 a5 21. g5 a4 22. Kc2 axb3+ 23. axb3 Bxb2 24. Nxb2 Ra2 25. Ra1 Rxa1 26. Rxa1 fxg5 27. Ra8 Qe7 28. hxg5 Kg8 29. Rxf8+ Qxf8 30. Nc4 Qf5 31. Qa8+ Qf8 32. Qxf8+ Kxf8 33. Ne5 Ke7 34. Kc3 Ke6 35. Nf3 Kf5 36. d4 cxd4+ 37. Kxd4 Kg4 38.
Ke4 h5 39. gxh6 gxh6 40. b4 Ne6 41. b5 h5 42. b6 Nc5+ 43. Kd5 Nb7 44. Ne5+ Kf5 45.
Nf3 Kg4 46. Ng1 h4 47. Kc6 Na5+ 48. Kc7 Kf4 49. b7 Nxb7 50. Kxb7 Ke4 51. Kc6 Kd3 52. Nh3 Kd2 53. Kd5 Ke1 54. f4 Kf1 55. f5 Kg2 56.
Ng5 h3 57. Nxh3 Kxh3 58. f6 Kg4 59. f7 Kg5 60. f8=Q Kg6 61. Qf4 1-0

[Event "Late-Titled-Tuesday-Blitz-June-04-2024"]
[Site "Chess.com"]
[Date "2024.06.04"]
[Round "5"]
[White "Arash_Tahbaz"]
[Black "MaestroCheck"]
[Result "1/2-1/2"]
[WhiteElo "2827"]
[BlackElo "2629"]
[TimeControl "180+1"]
[EndTime "14:54:44 PDT"]
[Termination "Game drawn by repetition"]

1. Nf3 d5 2. g3 g6 3. Bg2 Bg7 4.
O-O Nf6 5. d3 O-O 6. Nbd2 c5 7. e4 Nc6 8. Re1 e5 9. exd5 Nxd5 10. Nc4 Re8 11. Ng5 f6 12. Ne4 Be6 13. Nxc5 Qe7 14. Nxe6 Qxe6 15. c3 Rad8 16. Qb3 Nde7 17.
d4 Kh8 18. d5 Nxd5 19. Ne3 Nxe3 20. Bxe3 Qe7 21. Rad1 f5 22. Rxd8 Rxd8 23. Rd1 Rxd1+ 24. Qxd1 e4 25. h4 h5 26. Bf1 Kh7 27. Be2 Qf7 28. a3 Bh6 29. Qd2 Bxe3 30. Qxe3 b6 31. b4 Qb3 32. a4 Ne5 33. Kg2 Qd5 34. a5 Qd6 35. a6 Qd5 36. Kg1 Qd6 37. Qg5 Nf7 38.
Qe3 Ne5 39. Qf4 Nf7 40. Qc1 Ne5 41. c4 Qxb4 42. Qd1 Qe7 43. Qd5 Qc5 44. Qb7+ Kh6 45.
Qxa7 e3 46. f4 Qb4 47. Kf1 Qb1+ 48. Kg2 Qe1 49. fxe5 Qf2+ 50. Kh3 Qxe2 51. Qb8 Qf1+ 52.
Kh2 Qf2+ 53. Kh3 Qf1+ 54. Kh2 Qf2+ 55. Kh3 Qf1+ 1/2-1/2

[Event "Late-Titled-Tuesday-Blitz-June-04-2024"]
[Site "Chess.com"]
[Date "2024.06.04"]
[Round "5"]
[White "yobdc"]
[Black "Statham_01"]
[Result "0-1"]
[WhiteElo "2547"]
[BlackElo "2720"]
[TimeControl "180+1"]
[EndTime "14:54:44 PDT"]
[Termination "Statham_01 won by resignation"]

1. d4 d5 2. Nf3 Nf6 3. c4 e6 4.
Nc3 Bb4 5. e3 O-O 6. Bd3 Nc6 7. O-O h6 8. h3 a6 9. Qc2 dxc4 10.
Bxc4 Bd6 11. Rd1 Qe7 12. a3 b5 13. Ba2 Bb7 14. e4 e5 15. d5 Nd4 16. Qd3 c5 17. dxc6 Bxc6 18. Nxd4 exd4 19. Qxd4 Rad8 20.
Nd5 Bxd5 21. exd5 Bc5 22. Qf4 Rfe8 23. Qg3 Ne4 24. Qb3 Nxf2 25. Rf1 Qe2 26. Bxh6 Ng4+ 27.
Kh1 Nxh6 28. d6 Rxd6 29. Rxf7 Nxf7 30. Qxf7+ Kh8 31. Qh5+ Qxh5 0-1

[Event "Late-Titled-Tuesday-Blitz-June-04-2024"]
[Site "Chess.com"]
[Date "2024.06.04"]
[Round "5"]
[White "Cambek64"]
[Black "norwaytoadog"]
[Result "1-0"]
[WhiteElo "2529"]
[BlackElo "2338"]
[TimeControl "180+1"]
[EndTime "14:54:44 PDT"]
[Termination "Cambek64 won by resignation"]

1. c4 e5 2. a3 Nf6 3. d3 Nc6 4.
Nf3 a5 5. Nc3 h6 6. e3 Be7 7.
Be2 O-O 8. O-O d5 9. cxd5 Nxd5 10. Bd2 Be6 11. Rc1 Nb6 12. Ne4 a4 13. Nc5 Bxc5 14. Rxc5 Qd6 15. Rc1 Nd5 16. Bc3 Nxc3 17. Rxc3 f5 18. Qc1 f4 19. d4 exd4 20. exd4 Nxd4 21. Nxd4 Qxd4 22. Rxc7 Rac8 23. Rc3 Rxc3 24. bxc3 Qc5 25.
Bf3 b5 26. Re1 Bb3 27. h3 Bd5 28. Re5 Rd8 29. Qd2 Qxa3 30. Rxd5 Re8 31. Rxb5 Qa1+ 32. Kh2 Re1 33. Qxf4 Rh1+ 34. Kg3 a3 35. Rb8+ Kh7 36. Be4+ 1-0

[Event "Late-Titled-Tuesday-Blitz-June-04-2024"]
[Site "Chess.com"]
[Date "2024.06.04"]
[Round "5"]
[White "enestnrvrd"]
[Black "rasmussvane"]
[Result "0-1"]
[WhiteElo "2664"]
[BlackElo "2921"]
[TimeControl "180+1"]
[EndTime "14:54:45 PDT"]
[Termination "rasmussvane won on time"]

1. d4 d5 2. c4 e6 3. Nf3 a6 4. cxd5 exd5 5. Nc3 Nf6 6. Bg5 Be6 7. e3 Nbd7 8. Bd3 Bd6 9. Qc2 c6 10. O-O Qc7 11.
Rac1 O-O 12. Rfd1 Bg4 13. Ne2 h6 14. Bh4 Rfe8 15. Bg3 Re7 16. b4 Bxg3 17. Nxg3 Qd6 18. Nf5 Bxf5 19. Bxf5 g6 20. Bd3 Kg7 21. a4 Ree8 22.
b5 cxb5 23. axb5 a5 24. h3 a4 25. Nh4 Nf8 26. Qc5 Qd7 27. Qb6 Re6 28. Qc5 Ree8 29. Qb6 Rec8 30. Rxc8 Qxc8 31. Qd6 a3 32. g4 a2 33. Ra1 Qc3 0-1

[Event "Late-Titled-Tuesday-Blitz-June-04-2024"]
[Site "Chess.com"]
[Date "2024.06.04"]
[Round "5"]
[White "glucolisis04"]
[Black "dealshark"]
[Result "1-0"]
[WhiteElo "2276"]
[BlackElo "2407"]
[TimeControl "180+1"]
[EndTime "14:54:45 PDT"]
[Termination "glucolisis04 won by resignation"]

1. d4 d5 2. c4 e6 3. Nc3 c5 4. cxd5 exd5 5. Nf3 Nc6 6. dxc5 d4 7.
Na4 Bxc5 8. Nxc5 Qa5+ 9. Bd2 Qxc5 10. e3 Nf6 11. exd4 Nxd4 12. Nxd4 Qxd4 13. Bc3 Qe4+ 14.
Qe2 O-O 15. Bxf6 Qxe2+ 16. Bxe2 gxf6 17. O-O Be6 18. Bf3 Rfd8 19. b3 Rab8 20. Rfd1 b6 21. Kf1 Kf8 22. Rac1 Rxd1+ 23. Bxd1 Rb7 24. Bf3 Rd7 25.
Ke2 Ke7 26. Be4 f5 27. Bd3 Kd8 28. Bb5 Rd5 29. Rd1 Ke7 30. Rxd5 Bxd5 31. g3 Kd6 32. Bd3 Be6 33. Ke3 Ke5 34. f4+ Kd6 35. Kd4 h6 36. Bc4 a5 37. Bxe6 fxe6 38. Kc4 e5 39.
fxe5+ Kxe5 40. Kb5 h5 41. Kxb6 h4 42. Kxa5 hxg3 43.
hxg3 Ke4 44. b4 Kf3 45. b5 Kxg3 46. b6 1-0

[Event "Late-Titled-Tuesday-Blitz-June-04-2024"]
[Site "Chess.com"]
[Date "2024.06.04"]
[Round "5"]
[White "MiguelBestard1981"]
[Black "zenitushka"]
[Result "0-1"]
[WhiteElo "2199"]
[BlackElo "2365"]
[TimeControl "180+1"]
[EndTime "14:54:46 PDT"]
[Termination "zenitushka won by checkmate"]

1. d4 Nf6 2. Bf4 d5 3. e3 c5 4. c3 Qb6 5. Qb3 c4 6. Qxb6 axb6 7. Na3 e6 8. Nc2 Nc6 9. a3 b5 10. Rd1 Be7 11. Be2 h6 12. h3 g5 13. Bh2 Ne4 14.
Nf3 f6 15. Nd2 Nxd2 16. Rxd2 Kf7 17. O-O Rf8 18. Bf3 Kg7 19. e4 dxe4 20. Bxe4 f5 21. Bf3 Bf6 22. Rfd1 f4 23. d5 Ne5 24. Be2 Rd8 25.
dxe6 Bxe6 26. Rxd8 Rxd8 27. Rxd8 Bxd8 28. Nd4 Bd7 29.
Nf3 Nd3 30. Bxd3 cxd3 31. Kf1 h5 32. Ke1 Bb6 33. Nd2 Kf6 34. Ne4+ Kf5 35. f3 g4 36. hxg4+ hxg4 37. Kf1 gxf3 38. gxf3 Bc6 39. Nd2 Be3 40. Ke1 Kg5 41. Nf1 Bxf3 42. Nxe3 fxe3 43. Bg1 d2+ 44. Kf1 d1=Q# 0-1

[Event "Late-Titled-Tuesday-Blitz-June-04-2024"]
[Site "Chess.com"]
[Date "2024.06.04"]
[Round "5"]
[White "xasid81"]
[Black "ENajer77"]
[Result "0-1"]
[WhiteElo "2634"]
[BlackElo "2859"]
[TimeControl "180+1"]
[EndTime "14:54:49 PDT"]
[Termination "ENajer77 won by resignation"]

1. e4 e6 2. d4 d5 3. exd5 exd5 4. Nf3 Nc6 5. h3 Bd6 6. c3 Nge7 7. Bd3 Bf5 8. Qc2 Qd7 9. Be3 O-O-O 10. Nbd2 Rhe8 11.
O-O-O Kb8 12. Rde1 h6 13. Nh4 Bxd3 14. Qxd3 g5 15.
Nhf3 f5 16. Nb3 f4 17. Bd2 Qf5 18. Qxf5 Nxf5 19. Rxe8 Rxe8 20. Re1 Re4 21. Kd1 Kc8 22. Bc1 Kd7 23. Nbd2 Re6 24. Rxe6 Kxe6 25. Ke2 b6 26.
Kd3 Nce7 27. Nf1 c5 28. b3 b5 29. c4 bxc4+ 30. bxc4 Nc6 31. dxc5 Bxc5 32. cxd5+ Kxd5 33. g4 Nd6 34. Ke2 Ne4 35. Bb2 Nd4+ 36. Bxd4 Bxd4 37.
Nxd4 Kxd4 38. Nh2 Nc3+ 39. Kd2 Nxa2 40. h4 Ke4 41. hxg5 hxg5 42. Ke2 Nc3+ 43. Kd2 Nb5 44.
f3+ Kd5 45. Kd3 Nd4 46. Kc3 a5 47. Kb2 Kc4 0-1

[Event "Late-Titled-Tuesday-Blitz-June-04-2024"]
[Site "Chess.com"]
[Date "2024.06.04"]
[Round "5"]
[White "Eduard_Limonov"]
[Black "osh1ro"]
[Result "1-0"]
[WhiteElo "2832"]
[BlackElo "2620"]
[TimeControl "180+1"]
[EndTime "14:54:51 PDT"]
[Termination "Eduard_Limonov won by resignation"]

1. Nf3 Nf6 2. c4 e6 3. g3 d5 4.
Bg2 Be7 5. b3 O-O 6. O-O b6 7. Bb2 Bb7 8. e3 c5 9. Nc3 Nc6 10.
cxd5 Nxd5 11. Nxd5 Qxd5 12. d4 Rfd8 13. Ne5 Qd6 14.
Qf3 Nxe5 15. dxe5 Qd5 16. Qxd5 Bxd5 17. Rfd1 Bxg2 18. Kxg2 Rxd1 19. Rxd1 Rd8 20. Rxd8+ Bxd8 21. Kf3 Kf8 22. Ke4 Ke7 23. f4 Kd7 24. g4 Kc6 25. f5 Bh4 26. Bc3 a6 27. Kf4 h6 28. Ke4 Kd7 29.
a4 Kc6 30. h3 b5 31. axb5+ Kxb5 32. Kd3 Bg5 33. Be1 Bd8 34. h4 Bc7 35. Bc3 Bd8 36. h5 exf5 37. gxf5 f6 38. e4 a5 39. exf6 Bxf6 40.
e5 Be7 41. e6 a4 42. bxa4+ Kxa4 43. Bxg7 Kb3 44. f6 c4+ 45. Ke4 c3 46. fxe7 c2 47.
Bxh6 c1=Q 48. Bxc1 1-0

[Event "Late-Titled-Tuesday-Blitz-June-04-2024"]
[Site "Chess.com"]
[Date "2024.06.04"]
[Round "5"]
[White "YurasovMat-2012"]
[Black "Sanan_Sjugirov"]
[Result "0-1"]
[WhiteElo "2596"]
[BlackElo "2936"]
[TimeControl "180+1"]
[EndTime "14:54:51 PDT"]
[Termination "Sanan_Sjugirov won on time"]

1. e4 e6 2. Nf3 d5 3. Nc3 Nf6 4. e5 Nfd7 5. Ne2 c5 6. c3 Nc6 7. d4 cxd4 8. cxd4 f6 9. Nf4 fxe5 10. Nxe6 Qb6 11. Nxf8 Rxf8 12. dxe5 Ndxe5 13. Be2 Bg4 14. Be3 Qb4+ 15. Bd2 Qe4 16. O-O Bxf3 17. gxf3 Nxf3+ 18. Bxf3 Qxf3 19. Re1+ Kd7 20. Qxf3 Rxf3 21. Bc3 Raf8 22.
Rad1 R8f5 23. Rd2 g6 24. Red1 Kd6 25. Re2 Kc5 26. Rc2 Kd6 27. Re2 a5 28. Kg2 a4 29.
Be1 R3f4 30. Bd2 Rg4+ 31. Kh1 d4 32. b3 axb3 33. axb3 Kd5 34. h3 Re4 35. Rxe4 Kxe4 36. Kg2 Ne5 37. Re1+ Kd5 38. Bc1 Nd3 39. Rd1 Nxf2 40.
Rf1 Ne4 0-1

[Event "Late-Titled-Tuesday-Blitz-June-04-2024"]
[Site "Chess.com"]
[Date "2024.06.04"]
[Round "5"]
[White "harshu27"]
[Black "GMthekingindian"]
[Result "1-0"]
[WhiteElo "2542"]
[BlackElo "2360"]
[TimeControl "180+1"]
[EndTime "14:54:51 PDT"]
[Termination "harshu27 won on time"]

1. d4 d5 2. Nc3 e6 3. e4 Nc6 4. Nf3 Nf6 5. e5 Ne4 6. Bd3 Bb4 7. Bd2 Nxd2 8. Qxd2 f6 9. a3 Be7 10. O-O-O O-O 11. g3 f5 12. h4 a6 13. Na2 b5 14. c3 Na5 15. Kb1 c5 16. dxc5 Bxc5 17.
b4 Be7 18. bxa5 Qxa5 19. Nd4 Bxa3 20. g4 f4 21. Qc2 h6 22. g5 b4 23. cxb4 Bxb4 24. Nc6 Qb6 25. Ncxb4 a5 26. Qc6 Rb8 27. Qxb6 Rxb6 28. gxh6 gxh6 29. Rhg1+ Kf7 30. Rg6 axb4 31. Rxh6 b3 32. Nc3 Bd7 33. Rf6+ Ke7 34. Rxf8 Kxf8 35.
Rg1 Rb4 36. h5 f3 37. h6 Rh4 38. h7 Kf7 39. Rg8 1-0

[Event "Late-Titled-Tuesday-Blitz-June-04-2024"]
[Site "Chess.com"]
[Date "2024.06.04"]
[Round "5"]
[White "rdarruda"]
[Black "giovannibrandao7"]
[Result "1/2-1/2"]
[WhiteElo "2525"]
[BlackElo "2349"]
[TimeControl "180+1"]
[EndTime "14:54:51 PDT"]
[Termination "Game drawn by repetition"]

1. Nf3 Nf6 2. d4 g6 3. Nc3 d5 4. Bg5 Bg7 5. Bxf6 Bxf6 6. e4 dxe4 7. Nxe4 Bg7 8. Bc4 O-O 9. O-O Bg4 10. c3 c6 11. h3 Bf5 12. Qe2 Bxe4 13. Qxe4 e6 14. Rad1 Nd7 15. Rfe1 Qa5 16. h4 Nf6 17. Qe2 Rad8 18. g3 c5 19. dxc5 Qxc5 20. Bb3 a6 21. Kg2 b5 22. a3 Nd5 23. Bxd5 Rxd5 24. Rxd5 Qxd5 25. Rd1 Qc6 26. Kg1 h6 27. Ne5 Qc7 28. f4 Rd8 29. Rxd8+ Qxd8 30. Qd3 Qb6+ 31. Kg2 Bxe5 32.
fxe5 Qc6+ 33. Qf3 Qc5 34. Qe4 Kg7 35. Kf1 a5 36. Ke2 a4 37. Qe3 Qc4+ 38. Kd2 Qb3 39. Kc1 Qd5 40. Qf4 Qh1+ 41. Kc2 Qg2+ 42. Kb1 Qd5 43.
Qe3 Qd1+ 44. Ka2 Qb3+ 45. Ka1 Qd1+ 46. Ka2 Qd5+ 47. Ka1 h5 48. Qf4 Qd1+ 49. Ka2 Qd5+ 50. Ka1 Qd1+ 51. Ka2 Qd5+ 52. Ka1 1/2-1/2

[Event "Late-Titled-Tuesday-Blitz-June-04-2024"]
[Site "Chess.com"]
[Date "2024.06.04"]
[Round "5"]
[White "penguingm1"]
[Black "slidingknight2775"]
[Result "1-0"]
[WhiteElo "2932"]
[BlackElo "2666"]
[TimeControl "180+1"]
[EndTime "14:54:52 PDT"]
[Termination "penguingm1 won by checkmate"]

1. d4 d5 2. Bf4 Nf6 3. e3 c5 4. Nf3 e6 5. Nbd2 Bd6 6. c3 Qc7 7. Bxd6 Qxd6 8. Ne5 O-O 9. Bd3 Nc6 10. f4 Ne7 11. O-O b6 12. Rf3 Bb7 13. Rh3 Ne4 14. Bxe4 dxe4 15. Qh5 h6 16. Ndc4 Qc7 17. Ng4 Nf5 18.
Nce5 Ba6 19. Re1 Rfd8 20. Nf2 f6 21. Ng6 Qf7 22. Nxe4 Bb7 23. Nf2 cxd4 24. exd4 Rd5 25. Qg4 Kh7 26. Nh4 Ne7 27. Qxe6 Qxe6 28. Rxe6 Ng6 29.
Nxg6 Kxg6 30. Re7 Ba6 31. Rg3+ Kf5 32. Rgxg7 Rc8 33. Re4 Bd3 34. g4# 1-0

[Event "Late-Titled-Tuesday-Blitz-June-04-2024"]
[Site "Chess.com"]
[Date "2024.06.04"]
[Round "5"]
[White "AlphaPerseii"]
[Black "PNEPaul"]
[Result "1-0"]
[WhiteElo "2335"]
[BlackElo "1930"]
[TimeControl "180+1"]
[EndTime "14:54:52 PDT"]
[Termination "AlphaPerseii won by checkmate"]

1. d4 a6 2. g3 d6 3. Bg2 g6 4.
h4 h6 5. h5 g5 6. c4 Nd7 7.
Nc3 e5 8. dxe5 dxe5 9. Nf3 Bg7 10. Qc2 Ne7 11. b3 c6 12. Bb2 O-O 13. Ne4 f5 14.
Nexg5 hxg5 15. h6 Bf6 16. O-O-O Qa5 17. Rh5 Qxa2 18. Nxg5 Nc5 19. Rd6 Nxb3+ 20. Kd1 Nd4 21. h7+ Kh8 22. Nf7+ Kg7 23. Qd2 Qb1+ 24. Bc1 Qb3+ 25.
Ke1 Kxf7 26. Rxf6+ Kxf6 27. Qh6+ Kf7 28. Qxf8+ Kxf8 29. h8=Q+ Kf7 30. Qxe5 Nc2+ 31. Kf1 Qxc4 32. Rh7+ Ke8 33.
Qxe7# 1-0

[Event "Late-Titled-Tuesday-Blitz-June-04-2024"]
[Site "Chess.com"]
[Date "2024.06.04"]
[Round "5"]
[White "shirovin"]
[Black "Roedor"]
[Result "0-1"]
[WhiteElo "2088"]
[BlackElo "2359"]
[TimeControl "180+1"]
[EndTime "14:54:52 PDT"]
[Termination "Roedor won on time"]

1. e4 c6 2. Nf3 d5 3. Nc3 dxe4 4. Nxe4 Nf6 5. Nxf6+ exf6 6. d4 Bd6 7. c3 O-O 8.
Be2 Re8 9. O-O Nd7 10. Re1 Nf8 11. Be3 Ng6 12. Bd3 Be6 13. h3 Qd7 14. Nh2 Rad8 15. Qf3 f5 16. Nf1 a6 17. a4 Bc7 18. a5 h6 19. b4 Ne7 20. Bd2 Nd5 21. Ne3 f4 22.
Nxd5 Bxd5 23. Qd1 f3 24. Rxe8+ Rxe8 25. Bf1 fxg2 26. Bxg2 Qd6 27. Bxd5 Qh2+ 28. Kf1 cxd5 29. Qf3 Re6 30. Re1 Rf6 31. Qe3 Bg3 32. Qe8+ Kh7 33. Be3 Rxf2+ 0-1

[Event "Late-Titled-Tuesday-Blitz-June-04-2024"]
[Site "Chess.com"]
[Date "2024.06.04"]
[Round "5"]
[White "VladimirBugayev"]
[Black "dosto07"]
[Result "1-0"]
[WhiteElo "2337"]
[BlackElo "2508"]
[TimeControl "180+1"]
[EndTime "14:54:54 PDT"]
[Termination "VladimirBugayev won by resignation"]

1. e4 e5 2. Nf3 Nc6 3. d4 exd4 4. Nxd4 Nf6 5. Nxc6 bxc6 6. e5 Qe7 7. Qe2 Nd5 8. h4 d6 9. c4 Nb6 10. exd6 Qxe2+ 11. Bxe2 Bxd6 12. Be3 Be5 13. Nc3 Bxc3+ 14. bxc3 Be6 15.
c5 Nd5 16. Bd4 f6 17. Kd2 Rb8 18. Rab1 Kd7 19. a4 Bf5 20. Bd3 Bxd3 21. Kxd3 h5 22. g3 Rhe8 23. a5 a6 24. Rhg1 Ke6 25. Rge1+ Kf5 26.
Rxe8 Rxe8 27. c4 Ne7 28. Rb7 Rc8 29. Ra7 Kg4 30. Rxa6 Rd8 31. Ke4 f5+ 32. Ke3 f4+ 33.
Ke4 fxg3 34. fxg3 Kxg3 35. Bxg7 Re8 36. Kd3 Nf5 37. Bf6 Re6 38. Bd8 Nxh4 39. Bxc7+ Kg2 40. Ra8 Nf3 41. Rg8+ Kf2 42. a6 Ne1+ 43. Kc3 Re3+ 44.
Kb2 Nd3+ 45. Kb1 Re1+ 46. Ka2 Nb4+ 47. Kb3 Nxa6 48. Bg3+ Ke2 49. Bxe1 Kxe1 50. Rh8 Nxc5+ 51. Kc2 Ke2 52. Rxh5 Ne6 53. Re5+ 1-0